 Dungeon Crawl Stone Soup version 0.19-a0-1019-g9c6a58d (console) character file.

7 brucemayne the Chopper (level 1, -1/17 HPs)
             Began as a Vampire Berserker on July 25, 2016.
             Was a Follower of Trog.
             Slain by a goblin (4 damage)
             ... led by Robin
             ... on level 2 of the Dungeon.
             The game lasted 00:00:54 (252 turns).

brucemayne the Chopper (Vampire Berserker)           Turns: 252, Time: 00:00:54

Health: -1/17      AC:  2    Str: 16    XL:     1   Next: 91%
Magic:  1/1        EV:  7    Int:  9    God:    Trog [*.....]
Gold:   19         SH:  0    Dex: 13    Spells: 0 memorised, 0 levels left

rFire  . . .     SeeInvis +     a - +0 hand axe
rCold  . . .     Gourm    .     b - +0 animal skin
rNeg   + . .     Faith    .     (no shield)
rPois  .         Spirit   .     (no helmet)
rElec  .         Dismiss  .     (no cloak)
rCorr  .         Reflect  .     (no gloves)
SustAt .         Harm     .     (no boots)
MR     .....                    (no amulet)
Stlth  +.........               (no ring)
                                (no ring)

@: not resistant to hostile enchantments, very unstealthy
A: fangs 3, see invisible, unbreathing
a: Berserk, Burn Spellbooks, Renounce Religion


You were on level 2 of the Dungeon.
You worshipped Trog.
Trog was aware of your devotion.
You were not thirsty.

You visited 1 branch of the dungeon, and saw 2 of its levels.

You collected 19 gold pieces.

Inventory:

Hand Weapons
 a - a +0 hand axe (weapon)
 d - a +0 dagger of electrocution
Armour
 b - a +0 animal skin (worn)
Potions
 c - 3 potions of blood


   Skills:
 - Level 2.6 Fighting
 + Level 3.2 Axes
 - Level 1.5 Armour
 - Level 2.1 Dodging


You couldn't memorise any spells.
You didn't know any spells.

Dungeon Overview and Level Annotations

Branches:
Dungeon (2/15)

Altars:
Ashenzari

Annotations:
D:2 Robin


Innate Abilities, Weirdness & Mutations

You have razor-sharp teeth.
You have supernaturally acute eyesight. (SInv)
You can survive without breathing.


Message History

There is a stone staircase leading down here.
You climb downwards.
A goblin and a dart slug come into view.
There is a stone staircase leading up here. 2 goblins come into view.
The goblin shouts! x3
A goblin comes into view.
The goblin shouts!
Robin of the Strong Arm comes into view.
She is wielding a falchion of slicing.
Robin shouts!
Robin throws the goblin at you! The goblin misses you.
A goblin and a hobgoblin come into view.
Unknown command.
The hobgoblin shouts!
Robin moves out of view.
The goblin hits you.
* * * LOW HITPOINT WARNING * * *
The goblin completely misses you.
There is a stone staircase leading up here.
The goblin hits you.
You die...

#.#.##
#.#..#
#.##.#
#.##.#
#.##.#
#.##.#
#.g..###
#@g.g..#
#...g..ggg..
#..#..###.##
#.w#...#
#..#.#.#
#..#.#.#
#..#.#.#
#..#.#.#


You could see Robin, a dart slug, a hobgoblin and 4 goblins.

Vanquished Creatures
  A goblin (D:1)
  4 jackals (D:1)
  A kobold (D:1)
6 creatures vanquished.

Vanquished Creatures (others)
  A goblin (D:2)
1 creature vanquished.

Grand Total: 7 creatures vanquished

Notes
Turn   | Place    | Note
-------+----------+-------------------------------------------
     0 | D:1      | brucemayne the Vampire Berserker began the quest for the Orb.
     0 | D:1      | Reached XP level 1. HP: 17/17 MP: 1/1
     2 | D:1      | Noticed a felid
     2 | D:1      | Noticed a formicid
     4 | D:1      | Noticed a human
     6 | D:1      | Noticed a spriggan
     8 | D:1      | Noticed a draconian
     8 | D:1      | Noticed a merfolk
    10 | D:1      | Noticed a demigod
    10 | D:1      | Noticed a vine stalker
    12 | D:1      | Noticed a halfling
    12 | D:1      | Noticed an ogre
    14 | D:1      | Noticed a minotaur
    14 | D:1      | Noticed a vampire
    16 | D:1      | Noticed a dwarf
    18 | D:1      | Noticed a tengu
    18 | D:1      | Noticed a ghoul
    20 | D:1      | Noticed a centaur
    20 | D:1      | Noticed a demonspawn
    22 | D:1      | Noticed a naga
    22 | D:1      | Noticed an elf
    24 | D:1      | Noticed a gargoyle
    26 | D:1      | Noticed an octopode
    26 | D:1      | Noticed a troll
    89 | D:1      | Found a shattered altar of Ashenzari.
   152 | D:1      | Reached skill level 3 in Axes
   248 | D:2      | Noticed Robin
   252 | D:2      | Slain by a goblin

Vault maps used:
D:1:      kb_arrival_jail, nicolae_ashenzari_panopticon
D:2:      lemuel_flame_loot_1, uniq_robin

Skill      XL: |  1 |
---------------+----+-----
Axes           | 3 |  3.2
Fighting       | |  2.6
Armour         | |  1.5
Dodging        | |  2.1

Action                   || total
-------------------------++-------
Melee: Hand axe          ||    12
       Bite              ||     2
Invok: Berserk           ||     1
Armor: Animal skin       ||     6
Dodge: Dodged            ||    23
